 Dungeon Crawl Stone Soup version 0.27.0 (webtiles) character file.

Game seed: 16174758854288752233

754 inmateoo the Slasher (level 7, -2/40 (43) HPs)
             Began as a Tengu Gladiator on July 31, 2021.
             Slain by a wight (3 damage)
             ... on level 6 of the Dungeon.
             The game lasted 00:04:25 (4524 turns).

inmateoo the Slasher (Tengu Gladiator)              Turns: 4524, Time: 00:04:25

HP:   -2/40 (43)    AC: 14    Str: 14    XL:     7   Next: 79%
MP:   8/8           EV: 15    Int:  9    God:
Gold: 179           SH:  5    Dex: 17    Spells: 6/6 levels left

rFire    + + .     SeeInvis .   a - +0 long sword
rCold    . . .     Faith    .   r - +0 buckler
rNeg     . . .     Spirit   .   l - +4 ring mail
rPois    .         Reflect  .   c - +0 hat
rElec    .         Harm     .   o - +1 cloak
rCorr    .         Rampage  .   y - +2 pair of gloves
Will     .....                  (boots unavailable)
Stlth    +.........             u - amulet of magic regeneration
HPRegen  0.13/turn              h - ring of protection from fire
MPRegen  0.36/turn              s - ring of protection from fire

@: flying quickly and evasively, drained, quick
A: beak, talons 3, nimble flight
a: no special abilities


You were on level 6 of the Dungeon.
You visited 1 branch of the dungeon, and saw 6 of its levels.

You collected 179 gold pieces.

Inventory:

Hand Weapons
 a - a +0 long sword (weapon)
Missiles
 d - 3 throwing nets (quivered)
 k - 40 poisoned darts
Armour
 c - a +0 hat (worn)
 l - a +4 ring mail (worn)
 o - a +1 cloak (worn)
 r - a +0 buckler (worn)
 y - a +2 pair of gloves (worn)
Jewellery
 h - a ring of protection from fire (left hand)
 s - a ring of protection from fire (right hand)
 u - an amulet of magic regeneration (around neck)
Wands
 n - a wand of flame (18)
Potions
 e - a potion of might
 f - a potion of lignification {unknown}
 g - a potion of flight {unknown}
 i - a potion of curing
 j - a potion of haste
 w - a potion of mutation
 x - 2 potions of brilliance


   Skills:
 + Level 4.2 Fighting
 * Level 6.7 Long Blades
 - Level 2.0 Throwing
 + Level 5.1 Dodging
 * Level 3.3 Shields


You had 6 spell levels left.
You didn't know any spells.
Your spell library contained the following spells:

 Spells                   Type           Power      Damage    Failure   Level
 Passwall                 Tmut/Erth      0%         N/A       80%         2
 Swiftness                Air            0%         N/A       95%         3
 Summon Forest            Summ/Tloc      0%         N/A       100%        5
 Eringya's Noxious Bog    Tmut/Pois      0%         N/A       100%        6
 Invisibility             Hex            0%         N/A       100%        6
 Summon Hydra             Summ           0%         N/A       100%        7


Dungeon Overview and Level Annotations

Branches:
Dungeon (6/15)
 Temple: D:4-7

Altars:
Vehumet
Xom

Shops:
D:5 :

Annotations:
D:3 3 runed translucent doors, PaladinM's ghost, amateur DsFi


Innate Abilities, Weirdness & Mutations

You have a beak for a mouth.
You have claws for feet.
Your magical nature lets you fly swiftly and evasively.


Message History

You barely miss the wight. The wight hits you but does no damage.
You hit the wight but do no damage. You claw the wight, but do no damage.
The wight hits you from afar with a +0 halberd.
The wight misses you.
You hit the wight. Your peck misses the wight.
The wight is lightly damaged.
The wight closely misses you. The wight hits you but does no damage.
You closely miss the wight. You claw the wight, but do no damage.
Your peck misses the wight.
The wight is lightly damaged.
The wight closely misses you. The wight hits you but does no damage.
You closely miss the wight. You claw the wight, but do no damage.
Your peck misses the wight.
The wight is lightly damaged.
The wight closely misses you. The wight hits you but does no damage.
The wight misses you.
You closely miss the wight.
The wight is lightly damaged.
The wight hits you but does no damage. The wight closely misses you.
You hit the wight but do no damage. You claw the wight. You peck the wight.
The wight is heavily damaged.
The wight hits you but does no damage.
The wight hits you from afar with a +0 halberd.
You feel drained. The wight hits you with a +0 mace!
You feel drained.
You slash the wight! Your kick misses the wight.
You peck the wight, but do no damage.
The wight is almost destroyed.
You block the wight's attack. The wight hits you but does no damage.
You hit the wight but do no damage. Your kick misses the wight.
The wight is almost destroyed.
The wight closely misses you. The wight hits you but does no damage.
You are too injured to fight recklessly!
You closely miss the wight. Your kick misses the wight.
The wight is almost destroyed.
The wight hits you from afar with a +0 halberd.
* * * LOW HITPOINT WARNING * * *
The wight hits you with a +0 mace!
* * * LOW HITPOINT WARNING * * *
You feel drained.
You die...

## #.# #.> #.#
######### #.#
#...zz@.# #.#
......####.###.#
.....
#.....#####.#
....
#..#........# ###
#####..#.########
#.........#
#.###.##..# # #.#
#.##..# .
#.###.##..#


You could see 2 wights.

Vanquished Creatures
  2 necrophages
  An ogre (D:5)
  A bullfrog (D:6)
  A water moccasin skeleton (D:5)
  A wight (D:6)
  A centaur zombie (D:6)
  2 hounds (D:5)
  A jelly (D:5)
  A bullfrog skeleton (D:5)
  Crazy Yiuf (D:2)
  Terence (D:2)
  A hound skeleton (D:5)
  4 adders
  4 gnolls (D:5)
  An ufetubus (D:3)
  3 worms
  2 dart slugs
  2 orcs (D:3)
  2 ball pythons
  2 bats
  3 endoplasms (D:3)
  A giant cockroach (D:3)
  8 goblins
  5 hobgoblins
  2 quokkas
  4 frilled lizards (D:1)
  5 kobolds
  5 rats
67 creatures vanquished.

Vanquished Creatures (others)
  A plant (D:2)
1 creature vanquished.

Grand Total: 68 creatures vanquished

Notes
Turn   | Place    | Note
-------+----------+-------------------------------------------
     0 | D:1      | inmateoo the Tengu Gladiator began the quest for the Orb.
     0 | D:1      | Reached XP level 1. HP: 12/12 MP: 2/2
   209 | D:1      | Reached XP level 2. HP: 16/17 MP: 3/3
   748 | D:2      | Found a faded altar of an unknown god.
   755 | D:2      | Reached skill level 4 in Long Blades
   755 | D:2      | Reached XP level 3. HP: 22/22 MP: 4/4
   912 | D:2      | Found a radiant altar of Vehumet.
  1090 | D:2      | Noticed Terence
  1272 | D:2      | Killed Terence
  1273 | D:2      | Reached XP level 4. HP: 12/27 MP: 5/5
  1585 | D:2      | Found a runed translucent door.
  1586 | D:2      | Noticed Crazy Yiuf
  1592 | D:2      | Killed Crazy Yiuf
  1730 | D:3      | Found a runed translucent gate.
  1762 | D:3      | Noticed a necrophage
  1767 | D:3      | Killed a necrophage
  1768 | D:3      | Reached skill level 5 in Long Blades
  1768 | D:3      | Gained mutation: Your magical nature lets you fly swiftly
                  | and evasively. [Tengu growth]
  1768 | D:3      | Reached XP level 5. HP: 18/32 MP: 6/6
  2167 | D:3      | Noticed PaladinM's ghost (amateur DsFi)
  2247 | D:3      | Found a shimmering altar of Xom.
  2271 | D:3      | Found a runed translucent gate.
  2271 | D:3      | Found a runed translucent gate.
  2584 | D:4      | Noticed a necrophage
  2594 | D:4      | Killed a necrophage
  2595 | D:4      | Reached skill level 1 in Shields
  2595 | D:4      | Reached XP level 6. HP: 18/37 MP: 7/7
  3217 | D:5      | Entered Level 5 of the Dungeon
  3676 | D:5      | Reached skill level 6 in Long Blades
  3691 | D:5      | Reached XP level 7. HP: 42/42 MP: 8/8
  3964 | D:5      | Reached skill level 5 in Dodging
  3993 | D:5      | Found Heel's Book Shoppe.
  4524 | D:6      | HP: 1/41 [wight (7)]
  4524 | D:6      | Slain by a wight

Illustrated notes

Levels and vault maps discovered:
D:1:      dpeg_arrival_court, layout_basic
D:2:      layout_rooms, basic_altar, serial_bayou, serial_bayou_shore_b,
          serial_bayou_shore_a, serial_bayou_lake_a, serial_bayou_crossing,
          shapermc_ecumenical_altar_starsandcircs, uniq_terence,
          uniq_crazy_yiuf_cottage
D:3:      layout_basic, general_overflow_altar, gammafunk_ghost_split,
          minmay_misc_feat_plants, minmay_cut_off
D:4:      layout_loops_cross
D:5:      layout_loops_ring, serial_shops, kennysheep_little_box,
          eino_tiny_chamber
D:6:      layout_basic, minmay_temple_entry_slanted

Skill      XL: |  1  2  3  4  5  6  7 |
---------------+----------------------+-----
Long Blades    | 4 5 6 |  6.7
Fighting       | 3 4 |  4.2
Dodging        | 4 5 |  5.1
Shields        | 1 2 3 |  3.3
Throwing       | |  2.0

Action                   |  1- 3 |  4- 6 |  7- 9 || total
-------------------------+-------+-------+-------++-------
Melee: Long sword        |    41 |    89 |    41 ||   171
       Kick              |    11 |    34 |    22 ||    67
       Peck              |     3 |    19 |     7 ||    29
  Use: Scroll            |       |       |    13 ||    13
 Stab: Sleeping          |     1 |     1 |     1 ||     3
       Invisible         |       |     1 |       ||     1
Armor: Leather armour    |     6 |    12 |     4 ||    22
       Ring mail         |       |       |    10 ||    10
Dodge: Dodged            |    25 |    67 |    27 ||   119
Block: Buckler           |       |     9 |    13 ||    22
       Rpst.: Long sword |     7 |    29 |     9 ||    45
